NCAA
RUTGERS SCARLET KNIGHTS @ TEXAS LONGHORNS
04/12/2030
 
TOP OF THE 1ST
Rutgers Scarlet Knights batting - Pitching for Texas Longhorns : RHP Eugene Jackson
Pitching: RHP Eugene Jackson
Batting: RHB Theodore Burgess 0-0: Called Strike
0-1: Ball
1-1: Ball
2-1: Ground out 6-3 (Groundball, 56D)
Batting: RHB Manuel Martínez 0-0: Ball
1-0: Foul Ball, location: 2F
1-1: Swinging Strike
1-2: Ball
2-2: Ball
3-2: SINGLE (Flyball, 89S)
Batting: RHB Howard Battle 0-0: Called Strike
0-1: Ball
1-1: DOUBLE (Flyball, 8RD)
Manuel Martínez to third
Batting: RHB Grant Kelly 0-0: Foul Ball, location: 2F
0-1: Foul Ball, location: 2F
0-2: Strikes out looking
Batting: SHB Erwin Dwyer 0-0: Ball
1-0: Called Strike
1-1: Ball
2-1: Swinging Strike
2-2: Foul Ball, location: 2F
2-2: Ball
3-2: Foul Ball, location: 2F
3-2: Strikes out swinging
Top of the 1st over - 0 runs, 2 hits, 0 errors, 2 left on base; Rutgers 0 - Texas 0
BOTTOM OF THE 1ST
Texas Longhorns batting - Pitching for Rutgers Scarlet Knights : RHP Rob White
Pitching: RHP Rob White
Batting: RHB Norm Martin 0-0: Called Strike
0-1: Swinging Strike
0-2: Ball
1-2: Foul Ball, location: 2F
1-2: Ball
2-2: Strikes out looking
Batting: SHB Dave Hickman 0-0: Called Strike
0-1: Ball
1-1: Swinging Strike
1-2: Foul Ball, location: 2F
1-2: Strikes out looking
Batting: LHB Bill Turner 0-0: Called Strike
0-1: Ball
1-1: Swinging Strike
1-2: Ground out 5-3 (Groundball, 56)
Bottom of the 1st over - 0 runs, 0 hits, 0 errors, 0 left on base; Rutgers 0 - Texas 0
TOP OF THE 2ND
Rutgers Scarlet Knights batting - Pitching for Texas Longhorns : RHP Eugene Jackson
Batting: LHB Dennis Montgomery 0-0: Called Strike
0-1: Swinging Strike
0-2: Foul Ball, location: 2F
0-2: Ball
1-2: Ball
2-2: Foul Ball, location: 2F
2-2: Foul Ball, location: 2F
2-2: Foul Ball, location: 2F
2-2: Strikes out swinging
Batting: RHB Jesús Herrera 0-0: Ball
1-0: Foul Ball, location: 2F
1-1: SINGLE (Line Drive, 7S)
Batting: LHB Andre Montgomery 0-0: Called Strike
0-1: Ground out 3-1 (Groundball, 3)
Jesús Herrera to second
Batting: RHB Ben Baker 0-0: Ball
1-0: Ball
2-0: Ground out 6-3 (Groundball, 6)
Top of the 2nd over - 0 runs, 1 hit, 0 errors, 1 left on base; Rutgers 0 - Texas 0
BOTTOM OF THE 2ND
Texas Longhorns batting - Pitching for Rutgers Scarlet Knights : RHP Rob White
Batting: RHB Jonathan Boyer 0-0: Called Strike
0-1: Ball
1-1: Ball
2-1: Ground out 1-3 (Groundball, P)
Batting: LHB Matt Turner 0-0: Swinging Strike
0-1: Ball
1-1: SINGLE (Groundball, 6MS) (infield hit)
Batting: RHB Curtis Lawson 0-0: Ball
1-0: Called Strike
1-1: Foul Ball, location: 2F
1-2: Ball
2-2: Ball
3-2: Base on Balls
Matt Turner to second
Batting: RHB David Stephens 0-0: Ball
1-0: Ball
2-0: Called Strike
2-1: Foul Ball, location: 2F
2-2: Strikes out swinging
Batting: LHB Jim Davis 0-0: Ball
1-0: Ground out U3 (Groundball, 3L)
Bottom of the 2nd over - 0 runs, 1 hit, 0 errors, 2 left on base; Rutgers 0 - Texas 0
TOP OF THE 3RD
Rutgers Scarlet Knights batting - Pitching for Texas Longhorns : RHP Eugene Jackson
Batting: RHB Theodore Burgess 0-0: Called Strike
0-1: Ground out 6-3 (Groundball, 6)
Batting: RHB Manuel Martínez 0-0: Ball
1-0: Ball
2-0: Fly out, F8 (Flyball, 8RD)
Batting: RHB Howard Battle 0-0: Ball
1-0: SINGLE (Groundball, 6) (infield hit)
Batting: RHB Grant Kelly 0-0: Called Strike
0-1: Ball
1-1: Ball
2-1: Foul Ball, location: 2F
2-2: Ball
3-2: SINGLE (Groundball, 4S) (infield hit)
Howard Battle to second
Batting: SHB Erwin Dwyer 0-0: Swinging Strike
0-1: DOUBLE (Line Drive, 7LS)
Howard Battle scores
Grant Kelly to third
Batting: LHB Dennis Montgomery 0-0: Ball
1-0: Ball
Wild Pitch!
Grant Kelly scores
Erwin Dwyer to third
2-0: Foul Ball, location: 2F
2-1: Ball
3-1: Ground out 6-3 (Groundball, 6)
Top of the 3rd over - 2 runs, 3 hits, 0 errors, 1 left on base; Rutgers 2 - Texas 0
BOTTOM OF THE 3RD
Texas Longhorns batting - Pitching for Rutgers Scarlet Knights : RHP Rob White
Batting: RHB Bob Pugh 0-0: Ball
1-0: Ball
2-0: SINGLE (Line Drive, 56)
Batting: RHB Norm Martin 0-0: Ball
1-0: Ball
2-0: Foul Ball, location: 2F
2-1: Ball
3-1: Foul Ball, location: 2F
3-2: Fly out, F6 (Popup, 6MS)
Batting: SHB Dave Hickman 0-0: Called Strike
0-1: Ball
1-1: Ball
2-1: Grounds out, U3 (Groundball, 3L)
Batting: LHB Bill Turner 0-0: Foul Ball, location: 2F
0-1: Called Strike
0-2: Strikes out swinging
Bottom of the 3rd over - 0 runs, 1 hit, 0 errors, 1 left on base; Rutgers 2 - Texas 0
TOP OF THE 4TH
Rutgers Scarlet Knights batting - Pitching for Texas Longhorns : RHP Eugene Jackson
Batting: RHB Jesús Herrera 0-0: Swinging Strike
0-1: Ball
1-1: Ball
2-1: Ball
3-1: Swinging Strike
3-2: Strikes out looking
Batting: LHB Andre Montgomery 0-0: Bunt for hit - play at first, batter OUT! 1-3
Batting: RHB Ben Baker 0-0: Called Strike
0-1: Swinging Strike
0-2: Ball
1-2: Strikes out looking
Top of the 4th over - 0 runs, 0 hits, 0 errors, 0 left on base; Rutgers 2 - Texas 0
BOTTOM OF THE 4TH
Texas Longhorns batting - Pitching for Rutgers Scarlet Knights : RHP Rob White
Batting: RHB Jonathan Boyer 0-0: Called Strike
0-1: Ball
1-1: Ball
2-1: SINGLE (Line Drive, 78M)
Batting: LHB Matt Turner 0-0: Called Strike
0-1: Called Strike
0-2: Ball
1-2: Fielders Choice at 2nd, 4-6 (Groundball, 4D)
Batting: RHB Curtis Lawson 0-0: Ball
1-0: Called Strike
1-1: Ball
2-1: Foul Ball, location: 2F
2-2: Foul Ball, location: 2F
2-2: Ball
3-2: Base on Balls
Matt Turner to second
Batting: RHB David Stephens 0-0: Ball
1-0: Ball
2-0: Ball
3-0: Called Strike
3-1: Fly out, F8 (Flyball, 8LD)
Runner from 2nd tags up, SAFE at 3rd with throw
Batting: LHB Jim Davis 0-0: Called Strike
0-1: Ball
1-1: Fly out, F7 (Flyball, 78M)
Bottom of the 4th over - 0 runs, 1 hit, 0 errors, 2 left on base; Rutgers 2 - Texas 0
TOP OF THE 5TH
Rutgers Scarlet Knights batting - Pitching for Texas Longhorns : RHP Eugene Jackson
Batting: RHB Theodore Burgess 0-0: Ball
1-0: Ball
2-0: Foul Ball, location: 2F
2-1: Ball
3-1: Fly out, F8 (Line Drive, 8LD)
Batting: RHB Manuel Martínez 0-0: SINGLE (Groundball, 4MD)
Batting: RHB Howard Battle 0-0: Called Strike
0-1: Fly out, F9 (Flyball, 9D)
Pitching: RHP Jeff Finley
Batting: RHB Grant Kelly 0-0: Swinging Strike
0-1: 2-RUN HOME RUN (Flyball, 7LD), Distance : 335 ft
Batting: SHB Erwin Dwyer 0-0: Ball
1-0: Ball
2-0: Foul Ball, location: 2F
2-1: Foul Ball, location: 2F
2-2: Ground out 4-3 (Groundball, 4)
Top of the 5th over - 2 runs, 2 hits, 0 errors, 0 left on base; Rutgers 4 - Texas 0
BOTTOM OF THE 5TH
Texas Longhorns batting - Pitching for Rutgers Scarlet Knights : RHP Rob White
Batting: RHB Bob Pugh 0-0: Called Strike
0-1: SINGLE (Flyball, 8LS)
Batting: RHB Norm Martin 0-0: Foul Ball, location: 2F
0-1: Ball
Wild Pitch!
Bob Pugh to second
1-1: SINGLE (Line Drive, 8RS)
Bob Pugh to third
Batting: SHB Dave Hickman 0-0: Foul Ball, location: 2F
0-1: Ball
1-1: Foul Ball, location: 2F
1-2: Ball
2-2: Foul Ball, location: 2F
2-2: Strikes out swinging
Pitching: RHP Miguel Rojas
Batting: LHB Bill Turner 0-0: Ball
1-0: Foul Ball, location: 2F
1-1: Ball
2-1: Foul Ball, location: 2F
2-2: Foul Ball, location: 2F
2-2: Fly out, F6 (Popup, 6S)
Batting: RHB Jonathan Boyer 0-0: Ball
1-0: Swinging Strike
1-1: Ball
2-1: Fielders Choice at 2nd, 6-4 (Groundball, 56)
Bottom of the 5th over - 0 runs, 2 hits, 0 errors, 2 left on base; Rutgers 4 - Texas 0
TOP OF THE 6TH
Rutgers Scarlet Knights batting - Pitching for Texas Longhorns : RHP Jeff Finley
Batting: LHB Dennis Montgomery 0-0: Called Strike
0-1: Swinging Strike
0-2: Ball
1-2: Ground out 6-3 (Groundball, 6)
Batting: RHB Jesús Herrera 0-0: Ball
1-0: Foul Ball, location: 2F
1-1: Ball
2-1: Foul Ball, location: 2F
2-2: Strikes out swinging
Batting: LHB Andre Montgomery 0-0: Fly out, F9 (Flyball, 9)
Top of the 6th over - 0 runs, 0 hits, 0 errors, 0 left on base; Rutgers 4 - Texas 0
BOTTOM OF THE 6TH
Texas Longhorns batting - Pitching for Rutgers Scarlet Knights : RHP Miguel Rojas
Batting: LHB Matt Turner 0-0: Ball
1-0: Ball
2-0: Foul Ball, location: 2F
2-1: Called Strike
2-2: Ball
3-2: Base on Balls
Batting: RHB Curtis Lawson 0-0: Called Strike
0-1: Ball
1-1: Ball
2-1: Ball
Matt Turner steals 2nd base
3-1: Called Strike
3-2: SINGLE (Groundball, 6D)
Matt Turner to third
Runner from 3rd tries for Home, SAFE, no throw
Batting: RHB David Stephens 0-0: Called Strike
0-1: SINGLE (Flyball, 78S)
Curtis Lawson to second
Batting: LHB Jim Davis 0-0: Ball
1-0: Ball
2-0: Called Strike
2-1: Grounds into double play, 6-4-3 (Groundball, 6)
Curtis Lawson to third
Batting: RHB Bob Pugh 0-0: Ball
1-0: Called Strike
1-1: Called Strike
1-2: Ball
2-2: Ball
3-2: Base on Balls
Batting: RHB Norm Martin 0-0: Ball
1-0: Fly out, F8 (Flyball, 8LM)
Bottom of the 6th over - 1 run, 2 hits, 0 errors, 2 left on base; Rutgers 4 - Texas 1
TOP OF THE 7TH
Rutgers Scarlet Knights batting - Pitching for Texas Longhorns : RHP Jeff Finley
Batting: RHB Ben Baker 0-0: Called Strike
0-1: Foul Ball, location: 2F
0-2: Ball
1-2: Strikes out swinging
Batting: RHB Theodore Burgess 0-0: Called Strike
0-1: Fly out, F9 (Flyball, 89D)
Batting: RHB Manuel Martínez 0-0: Ground out 5-3 (Groundball, 56S)
Top of the 7th over - 0 runs, 0 hits, 0 errors, 0 left on base; Rutgers 4 - Texas 1
BOTTOM OF THE 7TH
Texas Longhorns batting - Pitching for Rutgers Scarlet Knights : RHP Miguel Rojas
Batting: SHB Dave Hickman 0-0: Ball
1-0: Foul Ball, location: 2F
1-1: Foul Ball, location: 2F
1-2: Foul Ball, location: 2F
1-2: Ball
2-2: Ball
3-2: Strikes out looking
Batting: LHB Bill Turner 0-0: Called Strike
0-1: Ball
1-1: Fly out, F7 (Flyball, 78S)
Batting: RHB Jonathan Boyer 0-0: Ball
1-0: Ball
2-0: Foul Ball, location: 2F
2-1: Ball
3-1: SINGLE (Groundball, 2L) (infield hit)
Pitching: RHP Michael O'Rorke
Batting: LHB Matt Turner 0-0: Ball
Jonathan Boyer steals 2nd base
1-0: Ball
2-0: Foul Ball, location: 2F
2-1: Reached on error, E5 (Line Drive, 56S)
Jonathan Boyer to third
Batting: RHB Curtis Lawson 0-0: Fly out, F9 (Flyball, 9)
Bottom of the 7th over - 0 runs, 1 hit, 1 error, 2 left on base; Rutgers 4 - Texas 1
TOP OF THE 8TH
Rutgers Scarlet Knights batting - Pitching for Texas Longhorns : RHP Jeff Finley
Batting: RHB Howard Battle 0-0: Ball
1-0: Ground out 4-3 (Groundball, 4)
Batting: RHB Grant Kelly 0-0: Called Strike
0-1: Swinging Strike
0-2: Ball
1-2: Foul Ball, location: 2F
1-2: Fly out, F9 (Flyball, 9)
Batting: SHB Erwin Dwyer 0-0: Ball
1-0: Ball
2-0: Called Strike
2-1: Ball
3-1: Swinging Strike
3-2: Strikes out looking
Top of the 8th over - 0 runs, 0 hits, 0 errors, 0 left on base; Rutgers 4 - Texas 1
BOTTOM OF THE 8TH
Texas Longhorns batting - Pitching for Rutgers Scarlet Knights : RHP Michael O'Rorke
Batting: RHB David Stephens 0-0: Reached on error, E6 (Groundball, 56D)
Batting: LHB Jim Davis 0-0: Foul Ball, location: 2F
0-1: 2-RUN HOME RUN (Flyball, 7D), Distance : 371 ft
Batting: RHB Bob Pugh 0-0: Called Strike
0-1: Ball
1-1: Called Strike
1-2: Fly out, F3 (Line Drive, 3)
Batting: RHB Norm Martin 0-0: Ball
1-0: Foul Ball, location: 2F
1-1: Swinging Strike
1-2: Ball
2-2: Ball
3-2: Foul Ball, location: 2F
3-2: Base on Balls
Pitching: RHP Vince Hawk
Pinch Hitting: RHB Bobby Donahue 0-0: Swinging Strike
0-1: Ball
1-1: Foul Ball, location: 2F
1-2: Ball
2-2: Ball
Wild Pitch!
Norm Martin to second
3-2: Foul Ball, location: 2F
3-2: Fly out, F7 (Flyball, 7LD)
Batting: LHB Bill Turner 0-0: Ball
1-0: Called Strike
1-1: Ball
2-1: Foul Ball, location: 2F
2-2: Strikes out swinging
Bottom of the 8th over - 2 runs, 1 hit, 1 error, 1 left on base; Rutgers 4 - Texas 3
TOP OF THE 9TH
Rutgers Scarlet Knights batting - Pitching for Texas Longhorns : RHP Jeff Finley
Pitching: RHP John Crockett
Now at 2B: William Gilmore
Batting: LHB Dennis Montgomery 0-0: Fly out, F8 (Flyball, 8LS)
Batting: RHB Jesús Herrera 0-0: Ball
1-0: Foul Ball, location: 2F
1-1: SINGLE (Flyball, 8LS)
Batting: LHB Andre Montgomery 0-0: Called Strike
0-1: Called Strike
0-2: Strikes out swinging
Batting: RHB Ben Baker 0-0: Foul Ball, location: 2F
0-1: Swinging Strike
0-2: Ball
1-2: Ball
2-2: Fly out, F6 (Line Drive, 6M)
Top of the 9th over - 0 runs, 1 hit, 0 errors, 1 left on base; Rutgers 4 - Texas 3
BOTTOM OF THE 9TH
Texas Longhorns batting - Pitching for Rutgers Scarlet Knights : RHP Vince Hawk
Pitching: RHP Paul Rodríguez
Now at C: Michael Lee
Batting: RHB Jonathan Boyer 0-0: Swinging Strike
0-1: Hit by Pitch
Batting: LHB Matt Turner 0-0: Called Strike
0-1: Called Strike
0-2: SINGLE (Line Drive, 7S)
Jonathan Boyer to second
Batting: RHB Curtis Lawson 0-0: Swinging Strike
0-1: Called Strike
0-2: Foul Ball, location: 2F
0-2: Foul Ball, location: 2F
0-2: Strikes out swinging
Batting: RHB David Stephens 0-0: Ball
1-0: Swinging Strike
1-1: DOUBLE (Line Drive, 7)
Jonathan Boyer scores
Matt Turner to third
Runner from 3rd tries for Home, SAFE, no throw
Saturday, April 7th, 2018 - OOTP Baseball 18.8 Build 76